 Dungeon Crawl Stone Soup version 0.28-a0-381-g937acc2988 (webtiles) character file.

Game seed: 4343891806096806896

18 Demosthentine the Poker (level 2, 0/23 HPs)
             Began as a Merfolk Gladiator on Sept 2, 2021.
             Slain by an adder (3 damage)
             ... on level 2 of the Dungeon.
             The game lasted 00:01:30 (1110 turns).

Demosthentine the Poker (Merfolk Gladiator)         Turns: 1110, Time: 00:01:30

Health: 0/23       AC:  4    Str: 14    XL:     2   Next: 70%
Magic:  2/2        EV: 13    Int:  7    God:
Gold:   56         SH:  0    Dex: 15    Spells: 1/1 levels left

rFire   . . .      SeeInvis .   a - +0 trident
rCold   . . .      Faith    .   (no shield)
rNeg    . . .      Spirit   .   b - +0 leather armour
rPois   .          Reflect  .   c - +0 helmet
rElec   .          Harm     .   (no cloak)
rCorr   .          Rampage  .   (no gloves)
Will    .....                   (no boots)
Stlth   +.........              (no amulet)
HPRegen 0.07/turn               (no ring)
MPRegen 0.08/turn               (no ring)

@: lethally poisoned (0 -> -5)
A: (nimble swimmer 2), mertail
a: no special abilities


You were on level 2 of the Dungeon.
You visited 1 branch of the dungeon, and saw 2 of its levels.

You collected 56 gold pieces.

Inventory:

Hand Weapons
 a - a +0 trident (weapon)
Missiles
 d - 3 throwing nets (quivered)
Armour
 b - a +0 leather armour (worn)
 c - a +0 helmet (worn)
 f - a +0 buckler
Scrolls
 e - a scroll of noise {unknown}
 g - 2 scrolls of identify {unknown}
 k - 2 scrolls of enchant armour {unknown}
 l - a scroll of vulnerability {unknown}
Potions
 h - a potion of attraction {unknown}
 i - a potion of curing {unknown}
 j - a potion of brilliance {unknown}


   Skills:
 + Level 2.5 Fighting
 + Level 4.7 Polearms
 - Level 2.0 Throwing
 + Level 0.5 Armour
 + Level 4.3 Dodging
 + Level 0.4 Shields


You had one spell level left.
You didn't know any spells.
Your spell library contained the following spells:

 Spells                   Type           Power      Damage    Failure   Level
 Slow                     Hex            0%         N/A       65%         2
 Confusing Touch          Hex            0%         N/A       87%         3
 Vampiric Draining        Necr           0%         2d6       87%         3


Dungeon Overview and Level Annotations

Branches:
Dungeon (2/15)

Altars:

Shops:
D:2 [


Innate Abilities, Weirdness & Mutations

((You are quick and stealthy near water. (Stealth+, EV+, Speed+++)))
Your lower body shifts to a powerful aquatic tail in water.


Message History

The adder bites you.
An adder is nearby!
You completely miss the adder.
The adder is heavily wounded.
The adder bites you. x2
You miss the adder.
The adder is moderately wounded.
The adder bites you but does no damage.
An adder is nearby!
You hit the adder but do no damage.
The adder is moderately wounded.
The adder closely misses you.
An adder is nearby!
You closely miss the adder.
The adder is moderately wounded.
The adder bites you. x2
You are poisoned.
The adder poisons you!
An adder is nearby!
You miss the adder.
The adder is moderately wounded.
You feel sick. The adder barely misses you.
An adder is nearby!
You are too injured to fight recklessly!
You are too injured to fight recklessly!
An adder is nearby!
You are too injured to fight recklessly!
An adder is nearby!
You are too injured to fight recklessly!
You hit the adder.
The adder is heavily wounded.
You feel sick. The adder bites you. x2
* * * LOW HITPOINT WARNING * * *
You are lethally poisoned!
The adder poisons you!
You barely miss the adder.
The adder is heavily wounded.
* * * LOW HITPOINT WARNING * * *
You feel sick. The adder bites you.
You die...

+# .# .#
##.##
########S..##
........@...#
######.#..##
#.###....
##.#.#####
##..# ##.#
#.# #.# ####
#.#


You could see an adder.

Vanquished Creatures
  A worm (D:2)
  A ball python (D:1)
  A bat (D:1)
  An endoplasm (D:1)
  2 goblins (D:1)
  2 hobgoblins (D:1)
  2 quokkas (D:1)
  4 frilled lizards
14 creatures vanquished.

Notes
Turn   | Place    | Note
-------+----------+-------------------------------------------
     0 | D:1      | Demosthentine the Merfolk Gladiator began the quest for the
                  | Orb.
     0 | D:1      | Reached XP level 1. HP: 16/16 MP: 1/1
   282 | D:1      | Reached XP level 2. HP: 23/23 MP: 2/2
   884 | D:2      | Found Oter's Armour Shop.
  1110 | D:2      | Slain by an adder

Illustrated notes

Levels and vault maps discovered:
D:1:      dpeg_arrival_court, layout_loops_ring
D:2:      layout_loops_corners, shapermc_ecumenical_altar_gd, serial_shops,
          nicolae_shop_waterfront, minmay_crystal_water

Action                   || total
-------------------------++-------
Melee: Trident           ||    34
 Stab: Sleeping          ||     1
Armor: Leather armour    ||     3
Dodge: Dodged            ||     6

Table legend: (Time is in decaauts)
 A = Elapsed time spent in this place.
 B = Non-inter-level travel time spent in this place.
 C = Inter-level travel time spent in this place.
 D = Time resting spent in this place.
 E = Time spent auto-exploring this place.
 F = Levels seen in this place.
 G = Mean time per level.
                   A        B        C        D        E       F      G
               +--------+--------+--------+--------+--------+-----+--------+
         Total |   1110 |   1024 |     86 |      0 |    914 |   2 |  555.0 |
       Dungeon |   1110 |   1024 |     86 |      0 |    914 |   2 |  555.0 |
               +--------+--------+--------+--------+--------+-----+--------+

Top non-repeatable levels by time:
     D:1: 885 daAuts
     D:2: 224 daAuts
